 Dungeon Crawl Stone Soup version 0.19-a0-1714-gcab94ab (webtiles) character file.

820 dobroeutro the Cudgeler (level 7, 0/45 HPs)
             Began as a Gargoyle Fighter on Sept 28, 2016.
             Was an Initiate of Okawaru.
             Slain by a killer bee (6 damage)
             ... on level 9 of the Dungeon.
             The game lasted 00:07:54 (4210 turns).

dobroeutro the Cudgeler (Gargoyle Fighter)          Turns: 4210, Time: 00:07:55

Health: 0/45       AC: 11    Str: 20    XL:     7   Next: 95%
Magic:  7/7        EV:  6    Int:  9    God:    Okawaru [......]
Gold:   270        SH: 13    Dex: 10    Spells: 0 memorised, 6 levels left

rFire  . . .     SeeInvis .     a - +1 flail
rCold  + . .     Gourm    .     s - +1 leather armour of Dexinef {*Contam MR++ Slay+5}
rNeg   + . .     Faith    .     k - +0 large shield
rPois  ∞         Spirit   .     (no helmet)
rElec  +         Dismiss  .     (no cloak)
rCorr  .         Reflect  .     (no gloves)
MR     ++...     Harm     .     z - +0 pair of boots
Stlth  +.........               (no amulet)
                                (no ring)
                                o - ring of protection from cold

@: about to teleport, starving
A: negative energy resistance 1, electricity resistance, unbreathing,
petrification resistance, rot immunity, AC +4
a: Renounce Religion


You were on level 9 of the Dungeon.
You worshipped Okawaru.
Okawaru was noncommittal.
You were starving.

You visited 2 branches of the dungeon, and saw 9 of its levels.
You also visited: Sewer.

You collected 270 gold pieces.

Inventory:

Hand Weapons
 a - a +1 flail (weapon)
Armour
 b - a +0 scale mail
 k - a +0 large shield (worn)
 s - the +1 leather armour of Dexinef (worn) {*Contam MR++ Slay+5}
   (You found it on level 4 of the Dungeon)

   It affects your accuracy and damage with ranged weapons and melee attacks
   (+5).
   It affects your resistance to hostile enchantments.
   It causes magical contamination when unequipped.
 z - a +0 pair of boots (worn)
Jewellery
 o - a ring of protection from cold (left hand)
Wands
 c - a wand of confusion (36/48)
Scrolls
 h - 2 scrolls of recharging
 j - 2 scrolls of remove curse
 m - a scroll of identify {unknown}
 n - a scroll of amnesia
 x - a scroll of blinking {unknown}
 y - a scroll of holy word {unknown}
 B - a scroll of magic mapping {unknown}
Potions
 d - a potion of might
 e - 3 potions of curing {unknown}
 g - 2 potions of agility {unknown}
 p - a potion of ambrosia {unknown}
 r - 2 potions of magic {unknown}
 v - a potion of degeneration {unknown}
 w - a potion of flight {unknown}
Comestibles
 f - 4 bread rations
 i - 2 beef jerkies
 q - 2 meat rations
 t - a fruit
 u - 2 royal jellies
 A - a chunk of flesh


   Skills:
 + Level 5.7 Fighting
 * Level 6.3 Maces & Flails
 + Level 5.7 Armour
 - Level 3.2 Shields


You had 6 spell levels left.
You didn't know any spells.

Dungeon Overview and Level Annotations

Branches:
Dungeon (9/15)             Temple (1/1) D:5
   Lair: D:8-11         Orc: D:9-12

Altars:
Ashenzari
Fedhas
Gozag
Hepliaklqana
Kikubaaqudgha
Okawaru
Qazlal
Ru
Trog
Uskayaw
Vehumet
Xom
Yredelemnul
Zin

Annotations:
D:5 Dowan; Duvessa; Pikel; Vasilisck's ghost, novice OpAs


Innate Abilities, Weirdness & Mutations

You are resistant to torment.
Your stone body is resilient. (AC +4)
You are immune to poison.
You resist negative energy. (rN+)
You are resistant to electric shocks. (rElec)
You can survive without breathing.
You are immune to petrification.
You are immune to rotting.


Message History

You sock the big kobold!
The big kobold is heavily wounded.
You are starving!
The killer bee stings you. You block the killer bee's attack. x2
The killer bee stings you but does no damage. x2
The white imp sputters.
The killer bee stings you but does no damage.
The big kobold hits you but does no damage.
The killer bee barely misses you. The killer bee stings you!
* * * LOW HITPOINT WARNING * * *
Eat a chunk of flesh? (ye/n/q)
You start eating the chunk of flesh.
You block the killer bee's attack.
Keep eating?
The killer bee barely misses you. You block the killer bee's attack.
The big kobold hits you with a dagger.
* * * LOW HITPOINT WARNING * * *
The killer bee stings you.
* * * LOW HITPOINT WARNING * * *
The killer bee stings you.
You die...

....... .......
................
$...............
...............
...............
#.....K...# ..
#..y#KK.# ...
#.yy@# ...#
##.yy##
....###.5H##
........ZW###
.........#..#
............#..
..
...........W...
#..
...........Z...
§#
................


You could see a hippogriff, a hungry ghost, a big kobold, 5 killer bees, a white
imp, a worker ant simulacrum and 2 kobolds.

Vanquished Creatures
  A sky beast (D:3)
  A wolf (D:9)
  3 bullfrogs
  A crimson imp (D:8)
  An orc priest (D:4)
  A bullfrog skeleton (D:4)
  An iguana (D:4)
  2 worker ants
  4 gnolls
  11 adders
  A river rat (D:5)
  A shadow imp (D:6)
  An ooze (D:1)
  2 adder skeletons (D:4)
  2 worms
  A dart slug (D:2)
  7 leopard geckos
  12 orcs
  7 ball pythons
  11 giant cockroaches
  4 goblins
  7 hobgoblins
  4 jackals (D:4)
  5 kobolds
  2 quokkas (D:3)
  3 bats
  6 frilled lizards
  10 rats
112 creatures vanquished.

Notes
Turn   | Place    | Note
-------+----------+-------------------------------------------
     0 | D:1      | dobroeutro the Gargoyle Fighter began the quest for the Orb.
     0 | D:1      | Reached XP level 1. HP: 14/14 MP: 1/1
    54 | D:1      | Reached XP level 2. HP: 15/19 MP: 2/2
   705 | D:2      | Reached XP level 3. HP: 16/23 MP: 3/3
   811 | D:2      | Reached skill level 3 in Maces & Flails
   926 | D:2      | Reached XP level 4. HP: 16/29 MP: 4/4
   964 | D:2      | Found a blossoming altar of Fedhas.
  1479 | D:2      | Found a shimmering altar of Xom.
  1711 | D:3      | Noticed a bullfrog
  1720 | D:3      | Killed a bullfrog
  1720 | D:3      | Reached skill level 4 in Maces & Flails
  1720 | D:3      | Reached XP level 5. HP: 28/34 MP: 5/5
  2075 | D:3      | Noticed a sky beast
  2115 | D:3      | Killed a sky beast
  2115 | D:3      | Reached XP level 6. HP: 24/40 MP: 6/6
  2455 | D:4      | Reached skill level 5 in Fighting
  2460 | D:4      | Reached skill level 5 in Maces & Flails
  2584 | D:4      | Got an ichor-stained leather armour
  2595 | D:4      | Identified the +1 leather armour of Dexinef {*Contam MR++ Slay+5} (You found it on level 4 of the Dungeon)
  2830 | D:4      | Reached skill level 5 in Armour
  2849 | D:4      | Reached XP level 7. HP: 19/44 MP: 7/7
  2904 | D:4      | Found a glowing silver altar of Zin.
  2932 | D:4      | Found a bloodstained altar of Trog.
  3155 | D:5      | Entered Level 5 of the Dungeon
  3161 | D:5      | Found a staircase to the Ecumenical Temple.
  3167 | Temple   | Entered the Ecumenical Temple
  3195 | Temple   | Became a worshipper of Warmaster Okawaru
  3243 | D:5      | Found a glowing drain.
  3247 | D:5      | Noticed Vasilisck's ghost (novice OpAs)
  3253 | Sewer    | Entered a sewer
  3691 | D:5      | Noticed Duvessa
  3698 | D:5      | Noticed Dowan
  3703 | D:5      | Noticed Pikel
  4051 | D:6      | Reached skill level 6 in Maces & Flails
  4069 | D:6      | You fall through a shaft for 2 floors!
  4096 | D:8      | Noticed a basilisk
  4199 | D:9      | Noticed a hippogriff
  4201 | D:9      | Noticed a hungry ghost
  4210 | D:9      | Slain by a killer bee

Vault maps used:
D:1:      sevenhm_arrival_forest_fort_small_3, serial_bayou_crossing
D:2:      old_standard_altar, xom_butterflies
D:3:      st_stairs_7
D:4:      zin_treasury, lightli_temple_of_fire, first_bread
D:5:      lemuel_doored_altar, portal_sewer_entry_a, uniq_pikel, uniq_duvessa,
          uniq_sigmund
D:6:      grunt_decor_fettered
D:8:      david_lair_generic, serial_shops, shop
D:9:      minmay_orc_entry_guard_dogs, serial_ice, serial_ice_f, serial_ice_l,
          serial_ice_e, serial_ice_n, serial_ice_o, serial_ice_d, serial_ice_g
Temple:   eino_temple_rhombus
Sewer:    sewer_frog_island_01

Skill      XL: |  1  2  3  4  5  6  7 |
---------------+----------------------+-----
Maces & Flails | 3 4 5 6 |  6.3
Fighting       | 4 5 |  5.7
Armour         | 4 5 |  5.7
Shields        | |  3.2

Action                   |  1- 3 |  4- 6 |  7- 9 || total
-------------------------+-------+-------+-------++-------
Melee: Flail             |   134 |   257 |    97 ||   488
  Use: Scroll            |       |       |     7 ||     7
  Eat: Chunk             |       |     7 |     2 ||     9
       Fruit             |       |       |     1 ||     1
Armor: Scale mail        |    94 |   133 |       ||   227
       Leather armour    |       |    18 |    64 ||    82
Dodge: Dodged            |    44 |    68 |    28 ||   140
Block: Shield            |    26 |       |       ||    26
       Large shield      |    83 |   226 |   125 ||   434
